Oilers vs Hurricanes

Created - Tuesday, December 01, 2015 at 04:28

Goals
1 2 3 T
Oilers 2 1 2 5
Hurricanes 2 1 1 4
Shots
1 2 3 T
Oilers 8 7 12 27
Hurricanes 17 8 5 30

1st period

1. Hurricanes , Jiri Hudler 15 (Viktor Stalberg, Brian Elliott) at 7:20 (PP)
2. Hurricanes , Mikhail Grabovski 3 (Mike Weaver) at 7:46
3. Oilers , Nicklas Backstrom 8 (Lars Eller, Niklas Hjalmarsson) at 10:06 (PP)
4. Oilers , Jannik Hansen 2 (David Desharnais, Darren Helm) at 14:19

Penalties :
Andrew Ladd (Edm) for Hooking (Minor) at 6:02, Fedor Tyutin (Car) for Holding (Minor) at 9:24, Taylor Fedun (Edm) for Slashing (Minor) at 15:47

2nd period

5. Hurricanes , Jiri Hudler 16 (Eric Staal) at 1:21 (PP)
6. Oilers , Nicklas Backstrom 9 (Ryan McDonagh) at 7:08

Penalties :
Andrew Ladd (Edm) for Slashing (Minor) at 1:15, Andrew MacDonald (Edm) for Holding (Minor) at 8:18, Ryan McDonagh (Edm) for Hooking (Minor) at 13:04, Brayden McNabb (Edm) for Hooking (Minor) at 17:41

3rd period

7. Oilers , Brett Connolly 2 (Niklas Hjalmarsson) at 4:35
8. Oilers , Brayden Schenn 13 (Andrew Ladd, Lars Eller) at 13:45
9. Hurricanes , Adam Henrique 13 (Marian Gaborik) at 15:04 (PP)

Penalties :
Andrew Ladd (Edm) for Tripping (Minor) at 1:44, Andrew Ladd (Edm) for Boarding (Minor) at 8:20, Jason Demers (Edm) for Tripping (Minor) at 14:53

Goalie Stats

Jaroslav Halak (Edm), 26 saves from 30 shots - (0.867), W, 13-5-2, 60:00 minutes
Brian Elliott (Car), 22 saves from 27 shots - (0.815), L, 11-6-1, 60:00 minutes

Players Stats for Oilers

Player Name              G  A  P  +/- PIM S  H  SB GA TA FO     MP     PP MP  PK MP  
------------------------------------------------------------------------------------
Andrew Ladd              0  1  1   0  8   2  3  0  1  0  0/0    17:39   0:42   3:28 
Andrew MacDonald         0  0  0   0  2   0  0  4  1  4  0/0    20:27   0:00   6:13 
Brayden McNabb           0  0  0   2  2   0  0  3  0  4  0/0    15:18   0:00   1:02 
Brayden Schenn           1  0  1   0  0   1  0  0  2  0  0/1    12:18   0:00   0:00 
Brett Connolly           1  0  1   1  0   1  1  0  0  0  0/6    11:08   0:00   0:00 
Darren Helm              0  1  1   1  0   2  5  0  0  1  0/0    18:25   0:00   7:59 
David Desharnais         0  1  1   1  0   1  0  0  3  0  2/6    10:13   0:00   1:13 
Jamie McGinn             0  0  0   1  0   3  0  0  1  1  0/0    11:08   0:00   0:00 
Jannik Hansen            1  0  1   1  0   2  2  1  0  0  0/0     8:19   0:00   0:00 
Jason Demers             0  0  0   0  2   0  3  2  0  1  0/0    21:52   0:00   6:17 
Lars Eller               0  2  2   0  0   1  2  0  0  0  4/8    13:00   0:42   0:00 
Nick Bonino              0  0  0   1  0   0  0  0  1  0  4/5    19:22   0:00   6:56 
Nicklas Backstrom        2  0  2   1  0   6  2  1  1  2  7/12   11:53   0:42   0:00 
Niklas Hjalmarsson       0  2  2   1  0   1  0  5  0  2  0/0    26:25   0:42   7:54 
Patrick Marleau          0  0  0   1  0   4  0  2  1  0  2/10   20:53   0:42   7:22 
Ryan McDonagh            0  1  1   1  2   3  1  3  0  2  0/0    24:09   0:00   5:32 
Taylor Fedun             0  0  0   2  2   0  0  0  0  1  0/0    12:45   0:00   0:00 
Trevor Lewis             0  0  0   1  0   0  0  0  1  1  0/0    11:08   0:00   0:00 

Players Stats for Hurricanes

Player Name              G  A  P  +/- PIM S  H  SB GA TA FO     MP     PP MP  PK MP  
------------------------------------------------------------------------------------
Adam Henrique            1  0  1   0  0   3  0  0  0  1  9/15   19:03   6:32   0:00 
Andrew Ebbett            0  0  0  -1  0   0  0  0  0  0  1/1     9:46   0:00   0:02 
Brian Flynn              0  0  0  -2  0   0  1  1  0  0  2/3    12:53   0:00   0:40 
Dennis Wideman           0  0  0   0  0   1  0  4  0  1  0/0    22:05   6:16   0:00 
Eric Staal               0  1  1   0  0   1  2  1  2  0  7/14   18:18   6:57   0:00 
Fedor Tyutin             0  0  0  -1  2   0  1  0  0  3  0/0    14:27   0:00   0:00 
Jiri Hudler              2  0  2   0  0   10 0  0  5  0  1/2    18:44   6:57   0:00 
Josh Bailey              0  0  0   0  0   1  2  1  3  0  0/0    18:37   6:32   0:00 
Marco Scandella          0  0  0  -2  0   4  3  1  1  0  0/0    23:11   7:13   0:00 
Marian Gaborik           0  1  1   0  0   2  0  1  4  1  1/2    19:03   6:32   0:00 
Mark Arcobello           0  0  0  -1  0   2  1  0  3  1  2/4     9:44   0:00   0:00 
Mike Weaver              0  1  1  -1  0   1  2  0  0  0  0/0    15:10   0:00   0:42 
Mikhail Grabovski        1  0  1  -2  0   4  0  0  8  0  1/2    12:13   0:00   0:00 
Stephane Robidas         0  0  0   0  0   0  5  1  0  0  0/0    22:21   6:16   0:42 
Stephen Gionta           0  0  0  -1  0   1  1  0  2  0  0/0     9:46   0:00   0:02 
Thomas Hickey            0  0  0  -2  0   0  2  2  1  0  0/0    22:45   7:13   0:00 
Travis Zajac             0  0  0  -2  0   0  0  0  0  1  5/5    12:53   0:00   0:40 
Viktor Stalberg          0  1  1   0  0   0  2  0  0  0  0/0    18:18   6:57   0:00 

3 Stars

1 - Nicklas Backstrom (Edm)
2 - Jiri Hudler (Car)
3 - Jannik Hansen (Edm)

Power Play

Oilers - 1 on 1 Attempt(s) - 100.00%
Hurricanes - 3 on 9 Attempt(s) - 33.33%

Penalty Kill

Oilers - 6 on 9 Attempt(s) - 66.67% - Score 0 goal in Penalty Kill
Hurricanes - 0 on 1 Attempt(s) - 0.00% - Score 0 goal in Penalty Kill

Team Stat

Oilers - Hits : 19 - Faceoff Wins : 19 - Blocked Shots : 21 - Penalty Minutes : 18
Hurricanes - Hits : 22 - Faceoff Wins : 29 - Blocked Shots : 12 - Penalty Minutes : 2

Official

Referees : Unknown
Linesman : Unknown

Game Notes

No Game Note

Finance

Level 1 -- Attendance: 5380 (89.67%) -- Ticket Income $457,300
Level 2 -- Attendance: 4583 (91.66%) -- Ticket Income $229,150
Level 3 -- Attendance: 1838 (91.90%) -- Ticket Income $55,140
Level 4 -- Attendance: 3563 (89.08%) -- Ticket Income $53,445
Luxury Box -- Attendance: 1000 (100.00%) -- Ticket Income $175,000
Game was played at the RBC Arena.
Total Attendance: 16364 (90.91%)
Total Ticket Income: $970,035
Other Income: $475,317
Total Income: $1,445,352

Oilers

5 vs 5 Forward 
   Center                   Left Wing                Right Wing               Time % Phy DF OF 
 1 Lars Eller               Andrew Ladd              Brayden Schenn           30     1   1  3  
 2 Nicklas Backstrom        Nick Bonino              Patrick Marleau          30     1   1  3  
 3 David Desharnais         Darren Helm              Jannik Hansen            20     1   2  2  
 4 Brett Connolly           Trevor Lewis             Jamie McGinn             20     1   2  2  

5 vs 5 Defense 
   Defense                  Defense                                           Time % Phy DF OF 
 1 Ryan McDonagh            Niklas Hjalmarsson                                35     1   4  0  
 2 Jason Demers             Andrew MacDonald                                  30     1   4  0  
 3 Brayden McNabb           Taylor Fedun                                      20     1   4  0  
 4 Ryan McDonagh            Niklas Hjalmarsson                                15     1   4  0  

PowerPlay Forward 
   Center                   Left Wing                Right Wing               Time % Phy DF OF 
 1 Nicklas Backstrom        Andrew Ladd              Lars Eller               60     1   0  4  
 2 David Desharnais         Nick Bonino              Brayden Schenn           40     1   0  4  

PowerPlay Defense
   Defense                  Defense                                           Time % Phy DF OF 
 1 Niklas Hjalmarsson       Patrick Marleau                                   60     1   2  2  
 2 Jason Demers             Darren Helm                                       40     1   2  2  

Penalty Kill 4 Players Forward 
   Center                   Wing                     Time % Phy DF OF 
 1 Patrick Marleau          Darren Helm              50     1   4  0  
 2 Nick Bonino              Andrew Ladd              50     1   4  0  

Penalty Kill 4 Players Defense
   Defense                  Defense                  Time % Phy DF OF 
 1 Ryan McDonagh            Niklas Hjalmarsson       60     1   4  0  
 2 Jason Demers             Andrew MacDonald         40     1   4  0  

Penalty Kill - 3 Players Forward 
   Forward                                           Time % Phy DF OF 
 1 Nick Bonino                                       60     1   4  0  
 2 Lars Eller                                        40     1   4  0  

Penalty Kill - 3 Players Defense
   Defense                  Defense                  Time % Phy DF OF 
 1 Brayden McNabb           Niklas Hjalmarsson       60     1   4  0  
 2 Jason Demers             Andrew MacDonald         40     1   4  0  

4 vs 4 Forward 
   Center                   Wing                     Time % Phy DF OF 
 1 Nicklas Backstrom        Andrew Ladd              60     1   0  4  
 2 Nick Bonino              Patrick Marleau          40     1   0  4  

4 vs 4 Defense
   Defense                  Defense                  Time % Phy DF OF 
 1 Ryan McDonagh            Niklas Hjalmarsson       60     1   4  0  
 2 Jason Demers             Andrew MacDonald         40     1   4  0  

Last Minutes Offensive
   Center                   Left Wing                Right Wing               Defense                  Defense                  
   Nicklas Backstrom        Andrew Ladd              Lars Eller               Ryan McDonagh            Patrick Marleau          

Last Minutes Defensive
   Center                   Left Wing                Right Wing               Defense                  Defense                  
   Nick Bonino              Andrew Ladd              Darren Helm              Ryan McDonagh            Niklas Hjalmarsson       

Goaltenders
Starting : Jaroslav Halak           
Backup : Jeremy Smith             

Extra Forwards
Normal : Andrew Ladd, Darren Helm, David Desharnais - PP : Brayden Schenn, Patrick Marleau - PK : Patrick Marleau
Extra Defensemen
Normal : Brayden McNabb, Niklas Hjalmarsson, Jason Demers - PP : Brayden McNabb - PK : Niklas Hjalmarsson, Jason Demers
Penalty Shots
David Desharnais, Andrew Ladd, Darren Helm, Nick Bonino, Nicklas Backstrom

Hurricanes

5 vs 5 Forward 
   Center                   Left Wing                Right Wing               Time % Phy DF OF 
 1 Adam Henrique            Josh Bailey              Marian Gaborik           28     0   2  3  
 2 Eric Staal               Viktor Stalberg          Jiri Hudler              27     0   2  3  
 3 Travis Zajac             Brian Flynn              Mikhail Grabovski        25     0   2  3  
 4 Mark Arcobello           Andrew Ebbett            Stephen Gionta           20     0   2  3  

5 vs 5 Defense 
   Defense                  Defense                                           Time % Phy DF OF 
 1 Dennis Wideman           Stephane Robidas                                  35     0   2  3  
 2 Marco Scandella          Thomas Hickey                                     35     0   2  3  
 3 Fedor Tyutin             Mike Weaver                                       30     1   2  2  
 4 Dennis Wideman           Stephane Robidas                                  0      0   2  3  

PowerPlay Forward 
   Center                   Left Wing                Right Wing               Time % Phy DF OF 
 1 Adam Henrique            Josh Bailey              Marian Gaborik           50     0   1  4  
 2 Eric Staal               Viktor Stalberg          Jiri Hudler              50     0   1  4  

PowerPlay Defense
   Defense                  Defense                                           Time % Phy DF OF 
 1 Dennis Wideman           Stephane Robidas                                  50     0   1  4  
 2 Marco Scandella          Thomas Hickey                                     50     0   1  4  

Penalty Kill 4 Players Forward 
   Center                   Wing                     Time % Phy DF OF 
 1 Andrew Ebbett            Stephen Gionta           50     0   4  1  
 2 Travis Zajac             Brian Flynn              50     0   4  1  

Penalty Kill 4 Players Defense
   Defense                  Defense                  Time % Phy DF OF 
 1 Fedor Tyutin             Mike Weaver              50     1   4  0  
 2 Marco Scandella          Thomas Hickey            50     1   4  0  

Penalty Kill - 3 Players Forward 
   Forward                                           Time % Phy DF OF 
 1 Andrew Ebbett                                     50     0   5  0  
 2 Travis Zajac                                      50     0   5  0  

Penalty Kill - 3 Players Defense
   Defense                  Defense                  Time % Phy DF OF 
 1 Fedor Tyutin             Mike Weaver              50     1   4  0  
 2 Marco Scandella          Thomas Hickey            50     1   4  0  

4 vs 4 Forward 
   Center                   Wing                     Time % Phy DF OF 
 1 Adam Henrique            Marian Gaborik           50     0   3  2  
 2 Eric Staal               Jiri Hudler              50     0   3  2  

4 vs 4 Defense
   Defense                  Defense                  Time % Phy DF OF 
 1 Dennis Wideman           Stephane Robidas         50     0   2  3  
 2 Marco Scandella          Thomas Hickey            50     0   2  3  

Last Minutes Offensive
   Center                   Left Wing                Right Wing               Defense                  Defense                  
   Adam Henrique            Jiri Hudler              Marian Gaborik           Dennis Wideman           Marco Scandella          

Last Minutes Defensive
   Center                   Left Wing                Right Wing               Defense                  Defense                  
   Travis Zajac             Brian Flynn              Stephen Gionta           Fedor Tyutin             Mike Weaver              

Goaltenders
Starting : Brian Elliott            
Backup : Michal Neuvirth          

Extra Forwards
Normal : Adam Henrique, Jiri Hudler, Marian Gaborik - PP : Marian Gaborik, Adam Henrique - PK : Adam Henrique
Extra Defensemen
Normal : Dennis Wideman, Fedor Tyutin, Stephane Robidas - PP : Fedor Tyutin - PK : Stephane Robidas, Fedor Tyutin
Penalty Shots
Brian Flynn, Fedor Tyutin, Marian Gaborik, Jiri Hudler, Josh Bailey

% Time on Ice - Oilers

Lines # - Real PCT - Wanted PCT - Time Play
Normal Forward
1 - 31% - 30% - 13:56
2 - 26% - 30% - 12:00
3 - 18% - 20% - 8:19
4 - 25% - 20% - 11:08
Normal Defense
1 - 32% - 35% - 14:33
2 - 33% - 30% - 14:47
3 - 27% - 20% - 12:24
4 - 8% - 15% - 3:39
PP Forward
1 - 100% - 60% - 0:42
2 - 0% - 40% - 0:00
PP Defense
1 - 100% - 60% - 0:42
2 - 0% - 40% - 0:00
PK Forward
1 - 49% - 50% - 6:33
2 - 51% - 50% - 6:56
PK Defense
1 - 56% - 60% - 7:31
2 - 44% - 40% - 5:58
PK3 Forward
1 - 0% - 60%
2 - 0% - 40%
PK3 Defense
1 - 0% - 60%
2 - 0% - 40%
44 Forward
1 - 0% - 60%
2 - 0% - 40%
44 Defense
1 - 0% - 60%
2 - 0% - 40%
Last Minute Offensive  - 0:00
Last Minute Defensive  - 0:26
Total
Forward - 60:00
Defense - 60:00

% Time on Ice - Hurricanes

Lines # - Real PCT - Wanted PCT - Time Play
Normal Forward
1 - 27% - 28% - 12:05
2 - 25% - 27% - 11:21
3 - 27% - 25% - 12:13
4 - 21% - 20% - 9:44
Normal Defense
1 - 34% - 35% - 15:23
2 - 34% - 35% - 15:32
3 - 32% - 30% - 14:28
4 - 0% - 0% - 0:00
PP Forward
1 - 48% - 50% - 6:32
2 - 52% - 50% - 6:57
PP Defense
1 - 46% - 50% - 6:16
2 - 54% - 50% - 7:13
PK Forward
1 - 5% - 50% - 0:02
2 - 95% - 50% - 0:40
PK Defense
1 - 100% - 50% - 0:42
2 - 0% - 50% - 0:00
PK3 Forward
1 - 0% - 50%
2 - 0% - 50%
PK3 Defense
1 - 0% - 50%
2 - 0% - 50%
44 Forward
1 - 0% - 50%
2 - 0% - 50%
44 Defense
1 - 0% - 50%
2 - 0% - 50%
Last Minute Offensive  - 0:26
Last Minute Defensive  - 0:00
Total
Forward - 60:00
Defense - 60:00

Play by Play

1st period


0:01 of 1st period - Adam Henrique wins face-off versus Lars Eller in neutral zone.
0:24 of 1st period - Snap shot by Andrew Ladd.
0:24 of 1st period - Stopped by Brian Elliott with a rebound.
0:26 of 1st period - Slapshot by Ryan McDonagh.
0:26 of 1st period - Stopped by Brian Elliott without a rebound.
0:27 of 1st period - Nicklas Backstrom wins face-off versus Eric Staal in Hurricanes zone.
0:30 of 1st period - Snap shot by Patrick Marleau.
0:30 of 1st period - Stopped by Brian Elliott with a rebound.
0:46 of 1st period - Wrist shot by Patrick Marleau.
0:46 of 1st period - Shot Misses the Net.
1:18 of 1st period - Nick Bonino is hit by Marco Scandella and loses puck.
1:31 of 1st period - Thomas Hickey is hit by Darren Helm and loses puck.
1:59 of 1st period - Off-side.
2:00 of 1st period - Mark Arcobello wins face-off versus Brett Connolly in neutral zone.
2:09 of 1st period - Stephen Gionta is hit by Ryan McDonagh and loses puck.
3:15 of 1st period - Slapshot by Marian Gaborik.
3:15 of 1st period - Shot Misses the Net.
4:17 of 1st period - Slapshot by Jiri Hudler.
4:17 of 1st period - Stopped by Jaroslav Halak with a rebound.
4:19 of 1st period - Slapshot by Thomas Hickey.
4:19 of 1st period - Shot Blocked by Jannik Hansen.
4:21 of 1st period - Wrist shot by Jiri Hudler.
4:21 of 1st period - Stopped by Jaroslav Halak without a rebound.
4:22 of 1st period - Nicklas Backstrom wins face-off versus Mikhail Grabovski in Oilers zone.
4:56 of 1st period - Icing by Nicklas Backstrom.
4:57 of 1st period - Nicklas Backstrom wins face-off versus Adam Henrique in Oilers zone.
5:26 of 1st period - Wrist shot by Adam Henrique.
5:26 of 1st period - Shot Blocked by Ryan McDonagh.
6:02 of 1st period - Minor Penalty to Andrew Ladd for Hooking.
6:03 of 1st period - Eric Staal wins face-off versus Patrick Marleau in Oilers zone.
6:09 of 1st period - Wrist shot by Eric Staal.
6:09 of 1st period - Shot Blocked by Andrew MacDonald.
6:11 of 1st period - Wrist shot by Jiri Hudler.
6:11 of 1st period - Shot Blocked by Jason Demers.
6:55 of 1st period - Snap shot by Marian Gaborik.
6:55 of 1st period - Shot Misses the Net.
6:57 of 1st period - Snap shot by Dennis Wideman.
6:57 of 1st period - Shot Misses the Net.
6:59 of 1st period - Snap shot by Stephane Robidas.
6:59 of 1st period - Shot Blocked by Andrew MacDonald.
7:01 of 1st period - Slapshot by Stephane Robidas.
7:01 of 1st period - Shot Blocked by Andrew MacDonald.
7:20 of 1st period - Wrist shot by Jiri Hudler.
7:20 of 1st period - Goal by Jiri Hudler - Oilers : 0 - Hurricanes : 1.
7:21 of 1st period - Travis Zajac wins face-off versus Lars Eller in neutral zone.
7:46 of 1st period - Snap shot by Mikhail Grabovski.
7:46 of 1st period - Goal by Mikhail Grabovski - Oilers : 0 - Hurricanes : 2.
7:47 of 1st period - Nicklas Backstrom wins face-off versus Mark Arcobello in neutral zone.
7:52 of 1st period - Snap shot by Patrick Marleau.
7:52 of 1st period - Stopped by Brian Elliott with a rebound.
7:58 of 1st period - Slapshot by Dennis Wideman.
7:58 of 1st period - Stopped by Jaroslav Halak without a rebound.
7:59 of 1st period - Patrick Marleau wins face-off versus Mark Arcobello in Oilers zone.
8:06 of 1st period - Snap shot by Patrick Marleau.
8:06 of 1st period - Shot Misses the Net.
8:24 of 1st period - Snap shot by Mark Arcobello.
8:24 of 1st period - Shot Blocked by Brayden McNabb.
8:26 of 1st period - Wrist shot by Stephane Robidas.
8:26 of 1st period - Shot Blocked by Brayden McNabb.
8:28 of 1st period - Snap shot by Mark Arcobello.
8:28 of 1st period - Stopped by Jaroslav Halak with a rebound.
8:30 of 1st period - Slapshot by Andrew Ebbett.
8:30 of 1st period - Shot Blocked by Nicklas Backstrom.
8:32 of 1st period - Slapshot by Dennis Wideman.
8:32 of 1st period - Shot Blocked by Patrick Marleau.
8:46 of 1st period - Wrist shot by Marian Gaborik.
8:46 of 1st period - Stopped by Jaroslav Halak with a rebound.
8:48 of 1st period - Wrist shot by Dennis Wideman.
8:48 of 1st period - Shot Blocked by Brayden McNabb.
8:50 of 1st period - Slapshot by Marco Scandella.
8:50 of 1st period - Stopped by Jaroslav Halak with a rebound.
8:52 of 1st period - Snap shot by Marco Scandella.
8:52 of 1st period - Stopped by Jaroslav Halak without a rebound.
8:53 of 1st period - Lars Eller wins face-off versus Adam Henrique in Oilers zone.
9:18 of 1st period - Snap shot by Andrew Ladd.
9:18 of 1st period - Shot Blocked by Thomas Hickey.
9:20 of 1st period - Slapshot by Andrew MacDonald.
9:20 of 1st period - Deflect By Andrew Ladd.
9:20 of 1st period - Shot Misses the Net.
9:20 of 1st period - Puck is out of play.
9:21 of 1st period - Eric Staal wins face-off versus Brett Connolly in Hurricanes zone.
9:21 of 1st period - Eric Staal is hit by Brett Connolly.
9:24 of 1st period - Minor Penalty to Fedor Tyutin for Holding.
9:25 of 1st period - Andrew Ebbett wins face-off versus Nicklas Backstrom in Hurricanes zone.
9:33 of 1st period - Travis Zajac is hit by Andrew Ladd and loses puck.
9:44 of 1st period - Snap shot by Nicklas Backstrom.
9:44 of 1st period - Stopped by Brian Elliott without a rebound.
9:45 of 1st period - Nicklas Backstrom wins face-off versus Brian Flynn in Hurricanes zone.
9:56 of 1st period - Wrist shot by Andrew Ladd.
9:56 of 1st period - Shot Misses the Net.
9:58 of 1st period - Slapshot by Niklas Hjalmarsson.
9:58 of 1st period - Shot Blocked by Brian Flynn.
10:00 of 1st period - Wrist shot by Lars Eller.
10:00 of 1st period - Stopped by Brian Elliott with a rebound.
10:06 of 1st period - Slapshot by Nicklas Backstrom.
10:06 of 1st period - Goal by Nicklas Backstrom - Oilers : 1 - Hurricanes : 2.
10:07 of 1st period - David Desharnais wins face-off versus Jiri Hudler in neutral zone.
10:17 of 1st period - Niklas Hjalmarsson is hit by Eric Staal and loses puck.
11:06 of 1st period - Lars Eller is hit by Mike Weaver and loses puck.
11:56 of 1st period - Dennis Wideman is hit by Jason Demers and loses puck.
13:19 of 1st period - Slapshot by Jiri Hudler.
13:19 of 1st period - Stopped by Jaroslav Halak with a rebound.
13:21 of 1st period - Slapshot by Thomas Hickey.
13:21 of 1st period - Shot Blocked by Niklas Hjalmarsson.
13:23 of 1st period - Slapshot by Marco Scandella.
13:23 of 1st period - Shot Blocked by Ryan McDonagh.
13:25 of 1st period - Snap shot by Eric Staal.
13:25 of 1st period - Shot Blocked by Niklas Hjalmarsson.
13:27 of 1st period - Slapshot by Marco Scandella.
13:27 of 1st period - Stopped by Jaroslav Halak with a rebound.
13:29 of 1st period - Wrist shot by Thomas Hickey.
13:29 of 1st period - Shot Misses the Net.
13:31 of 1st period - Snap shot by Jiri Hudler.
13:31 of 1st period - Stopped by Jaroslav Halak with a rebound.
14:15 of 1st period - Slapshot by David Desharnais.
14:15 of 1st period - Shot Misses the Net.
14:17 of 1st period - Snap shot by Jannik Hansen.
14:17 of 1st period - Shot Misses the Net.
14:19 of 1st period - Snap shot by Jannik Hansen.
14:19 of 1st period - Goal by Jannik Hansen - Oilers : 2 - Hurricanes : 2.
14:20 of 1st period - Adam Henrique wins face-off versus Lars Eller in neutral zone.
15:47 of 1st period - Minor Penalty to Taylor Fedun for Slashing.
15:48 of 1st period - Adam Henrique wins face-off versus Patrick Marleau in Oilers zone.
15:53 of 1st period - Wrist shot by Marian Gaborik.
15:53 of 1st period - Shot Blocked by Niklas Hjalmarsson.
15:55 of 1st period - Slapshot by Thomas Hickey.
15:55 of 1st period - Shot Blocked by Ryan McDonagh.
16:05 of 1st period - Slapshot by Adam Henrique.
16:05 of 1st period - Stopped by Jaroslav Halak with a rebound.
16:29 of 1st period - Wrist shot by Eric Staal.
16:29 of 1st period - Deflect By Jiri Hudler.
16:29 of 1st period - Stopped by Jaroslav Halak without a rebound.
16:30 of 1st period - Jiri Hudler wins face-off versus Nick Bonino in Oilers zone.
16:37 of 1st period - Slapshot by Eric Staal.
16:37 of 1st period - Stopped by Jaroslav Halak without a rebound.
16:38 of 1st period - Nick Bonino wins face-off versus Adam Henrique in Oilers zone.
17:16 of 1st period - Snap shot by Nick Bonino.
17:16 of 1st period - Deflect By Stephane Robidas.
17:16 of 1st period - Shot Misses the Net.
17:16 of 1st period - Puck is out of play.
17:17 of 1st period - Nick Bonino wins face-off versus Eric Staal in Hurricanes zone.
17:47 of 1st period - Penalty to Taylor Fedun is over, Taylor Fedun is back on ice.
18:08 of 1st period - Snap shot by Travis Zajac.
18:08 of 1st period - Deflect By Mikhail Grabovski.
18:08 of 1st period - Stopped by Jaroslav Halak without a rebound.
18:09 of 1st period - Brian Flynn wins face-off versus Brett Connolly in Oilers zone.
18:22 of 1st period - Wrist shot by Mikhail Grabovski.
18:22 of 1st period - Stopped by Jaroslav Halak with a rebound.
19:27 of 1st period - Lars Eller is hit by Mike Weaver and loses puck.
19:53 of 1st period - Adam Henrique is hit by Darren Helm and loses puck.
Goals for this period are 2 for Oilers vs 2 for Hurricanes.
Shots for this period are 8 for Oilers vs 17 for Hurricanes.

2nd period


0:01 of 2nd period - Nicklas Backstrom wins face-off versus Eric Staal in neutral zone.
0:04 of 2nd period - Wrist shot by Patrick Marleau.
0:04 of 2nd period - Stopped by Brian Elliott with a rebound.
0:21 of 2nd period - Wrist shot by Nicklas Backstrom.
0:21 of 2nd period - Shot Blocked by Eric Staal.
0:23 of 2nd period - Snap shot by Nick Bonino.
0:23 of 2nd period - Shot Blocked by Marco Scandella.
0:25 of 2nd period - Backhand shot by Nicklas Backstrom.
0:25 of 2nd period - Shot Misses the Net.
0:27 of 2nd period - Wrist shot by Nick Bonino.
0:27 of 2nd period - Shot Misses the Net.
0:29 of 2nd period - Snap shot by Ryan McDonagh.
0:29 of 2nd period - Shot Misses the Net.
0:31 of 2nd period - Wrist shot by Patrick Marleau.
0:31 of 2nd period - Stopped by Brian Elliott without a rebound.
0:32 of 2nd period - Lars Eller wins face-off versus Marian Gaborik in Hurricanes zone.
0:37 of 2nd period - Wrist shot by Andrew Ladd.
0:37 of 2nd period - Shot Blocked by Dennis Wideman.
1:15 of 2nd period - Minor Penalty to Andrew Ladd for Slashing.
1:16 of 2nd period - Eric Staal wins face-off versus Patrick Marleau in Oilers zone.
1:21 of 2nd period - Wrist shot by Jiri Hudler.
1:21 of 2nd period - Goal by Jiri Hudler - Oilers : 2 - Hurricanes : 3.
1:22 of 2nd period - Mikhail Grabovski wins face-off versus Nicklas Backstrom in neutral zone.
1:25 of 2nd period - Slapshot by Marco Scandella.
1:25 of 2nd period - Stopped by Jaroslav Halak with a rebound.
1:37 of 2nd period - Snap shot by Nicklas Backstrom.
1:37 of 2nd period - Stopped by Brian Elliott with a rebound.
2:09 of 2nd period - Niklas Hjalmarsson is hit by Thomas Hickey and loses puck.
2:50 of 2nd period - Dennis Wideman is hit by Darren Helm and loses puck.
3:15 of 2nd period - Wrist shot by Marian Gaborik.
3:15 of 2nd period - Stopped by Jaroslav Halak with a rebound.
3:53 of 2nd period - Andrew Ladd is hit by Fedor Tyutin and loses puck.
4:04 of 2nd period - Brayden Schenn is hit by Mark Arcobello and loses puck.
4:24 of 2nd period - Andrew MacDonald is hit by Brian Flynn and loses puck.
4:45 of 2nd period - Slapshot by Jamie McGinn.
4:45 of 2nd period - Stopped by Brian Elliott with a rebound.
4:47 of 2nd period - Slapshot by Andrew MacDonald.
4:47 of 2nd period - Shot Misses the Net.
4:49 of 2nd period - Wrist shot by Andrew MacDonald.
4:49 of 2nd period - Deflect By Trevor Lewis.
4:49 of 2nd period - Shot Misses the Net.
4:49 of 2nd period - Puck is out of play.
4:50 of 2nd period - Eric Staal wins face-off versus Nicklas Backstrom in Hurricanes zone.
5:11 of 2nd period - Wrist shot by Jiri Hudler.
5:11 of 2nd period - Shot Misses the Net.
5:38 of 2nd period - Brayden McNabb is hit by Stephane Robidas and loses puck.
6:01 of 2nd period - Marco Scandella is hit by Lars Eller and loses puck.
6:31 of 2nd period - Slapshot by Jamie McGinn.
6:31 of 2nd period - Stopped by Brian Elliott with a rebound.
6:37 of 2nd period - Trevor Lewis is hit by Stephen Gionta and loses puck.
6:50 of 2nd period - Snap shot by Mark Arcobello.
6:50 of 2nd period - Stopped by Jaroslav Halak without a rebound.
6:51 of 2nd period - Travis Zajac wins face-off versus Nicklas Backstrom in Oilers zone.
7:08 of 2nd period - Wrist shot by Nicklas Backstrom.
7:08 of 2nd period - Goal by Nicklas Backstrom - Oilers : 3 - Hurricanes : 3.
7:09 of 2nd period - Lars Eller wins face-off versus Eric Staal in neutral zone.
7:16 of 2nd period - Backhand shot by Andrew Ladd.
7:16 of 2nd period - Shot Blocked by Dennis Wideman.
7:18 of 2nd period - Slapshot by Ryan McDonagh.
7:18 of 2nd period - Shot Misses the Net.
8:13 of 2nd period - Wrist shot by Nicklas Backstrom.
8:13 of 2nd period - Stopped by Brian Elliott with a rebound.
8:18 of 2nd period - Minor Penalty to Andrew MacDonald for Holding.
8:19 of 2nd period - Adam Henrique wins face-off versus Patrick Marleau in Oilers zone.
8:23 of 2nd period - Snap shot by Josh Bailey.
8:23 of 2nd period - Stopped by Jaroslav Halak with a rebound.
9:30 of 2nd period - Jason Demers is hit by Marco Scandella and loses puck.
10:18 of 2nd period - Penalty to Andrew MacDonald is over, Andrew MacDonald is back on ice.
10:33 of 2nd period - Icing by Patrick Marleau.
10:34 of 2nd period - Travis Zajac wins face-off versus Patrick Marleau in Oilers zone.
10:49 of 2nd period - Wrist shot by Mikhail Grabovski.
10:49 of 2nd period - Stopped by Jaroslav Halak with a rebound.
10:51 of 2nd period - Snap shot by Travis Zajac.
10:51 of 2nd period - Shot Misses the Net.
10:53 of 2nd period - Slapshot by Fedor Tyutin.
10:53 of 2nd period - Shot Misses the Net.
10:55 of 2nd period - Slapshot by Mike Weaver.
10:55 of 2nd period - Stopped by Jaroslav Halak with a rebound.
11:45 of 2nd period - Stephen Gionta is hit by Jason Demers and loses puck.
12:05 of 2nd period - Icing by Jamie McGinn.
12:06 of 2nd period - Lars Eller wins face-off versus Adam Henrique in Oilers zone.
12:37 of 2nd period - Andrew Ladd is hit by Josh Bailey.
13:04 of 2nd period - Minor Penalty to Ryan McDonagh for Hooking.
13:05 of 2nd period - Nick Bonino wins face-off versus Eric Staal in Oilers zone.
13:35 of 2nd period - Wrist shot by Eric Staal.
13:35 of 2nd period - Shot Misses the Net.
13:47 of 2nd period - Thomas Hickey is hit by Darren Helm and loses puck.
14:43 of 2nd period - Andrew Ladd is hit by Stephane Robidas and loses puck.
15:00 of 2nd period - Andrew Ladd is hit by Viktor Stalberg and loses puck.
15:04 of 2nd period - Penalty to Ryan McDonagh is over, Ryan McDonagh is back on ice.
16:23 of 2nd period - Fedor Tyutin is hit by Lars Eller and loses puck.
17:32 of 2nd period - Snap shot by Jamie McGinn.
17:32 of 2nd period - Shot Blocked by Stephane Robidas.
17:41 of 2nd period - Minor Penalty to Brayden McNabb for Hooking.
17:42 of 2nd period - Eric Staal wins face-off versus Patrick Marleau in Oilers zone.
19:27 of 2nd period - Ryan McDonagh is hit by Stephane Robidas and loses puck.
19:41 of 2nd period - Penalty to Brayden McNabb is over, Brayden McNabb is back on ice.
19:46 of 2nd period - Wrist shot by Eric Staal.
19:46 of 2nd period - Shot Blocked by Niklas Hjalmarsson.
19:48 of 2nd period - Slapshot by Marco Scandella.
19:48 of 2nd period - Deflect By Jiri Hudler.
19:48 of 2nd period - Stopped by Jaroslav Halak with a rebound.
19:52 of 2nd period - Wrist shot by Jiri Hudler.
19:52 of 2nd period - Shot Blocked by Niklas Hjalmarsson.
19:54 of 2nd period - Wrist shot by Viktor Stalberg.
19:54 of 2nd period - Shot Misses the Net.
Goals for this period are 1 for Oilers vs 1 for Hurricanes.
Shots for this period are 7 for Oilers vs 8 for Hurricanes.

3rd period


0:01 of 3rd period - Nicklas Backstrom wins face-off versus Adam Henrique in neutral zone.
0:06 of 3rd period - Adam Henrique is hit by Nicklas Backstrom and loses puck.
0:17 of 3rd period - Snap shot by Patrick Marleau.
0:17 of 3rd period - Shot Misses the Net.
0:19 of 3rd period - Snap shot by Nicklas Backstrom.
0:19 of 3rd period - Shot Misses the Net.
0:23 of 3rd period - Snap shot by Nick Bonino.
0:23 of 3rd period - Shot Blocked by Josh Bailey.
0:25 of 3rd period - Slapshot by Ryan McDonagh.
0:25 of 3rd period - Stopped by Brian Elliott with a rebound.
0:27 of 3rd period - Snap shot by Nick Bonino.
0:27 of 3rd period - Shot Blocked by Marian Gaborik.
0:29 of 3rd period - Slapshot by Niklas Hjalmarsson.
0:29 of 3rd period - Shot Blocked by Thomas Hickey.
0:31 of 3rd period - Slapshot by Niklas Hjalmarsson.
0:31 of 3rd period - Shot Misses the Net.
0:33 of 3rd period - Slapshot by Niklas Hjalmarsson.
0:33 of 3rd period - Shot Misses the Net.
0:35 of 3rd period - Slapshot by Ryan McDonagh.
0:35 of 3rd period - Stopped by Brian Elliott without a rebound.
0:36 of 3rd period - Eric Staal wins face-off versus David Desharnais in Hurricanes zone.
0:36 of 3rd period - Eric Staal is hit by Jannik Hansen.
1:00 of 3rd period - Wrist shot by Darren Helm.
1:00 of 3rd period - Stopped by Brian Elliott without a rebound.
1:01 of 3rd period - Travis Zajac wins face-off versus Brayden Schenn in Hurricanes zone.
1:44 of 3rd period - Minor Penalty to Andrew Ladd for Tripping.
1:45 of 3rd period - Adam Henrique wins face-off versus Patrick Marleau in Oilers zone.
1:54 of 3rd period - Snap shot by Josh Bailey.
1:54 of 3rd period - Shot Misses the Net.
2:00 of 3rd period - Slapshot by Marian Gaborik.
2:00 of 3rd period - Shot Blocked by Patrick Marleau.
2:23 of 3rd period - Wrist shot by Marian Gaborik.
2:23 of 3rd period - Shot Blocked by Jason Demers.
3:27 of 3rd period - David Desharnais is hit by Thomas Hickey and loses puck.
3:44 of 3rd period - Penalty to Andrew Ladd is over, Andrew Ladd is back on ice.
4:35 of 3rd period - Snap shot by Brett Connolly.
4:35 of 3rd period - Deflect By Andrew Ebbett.
4:35 of 3rd period - Goal by Brett Connolly - Oilers : 4 - Hurricanes : 3.
4:36 of 3rd period - Travis Zajac wins face-off versus Brett Connolly in neutral zone.
4:40 of 3rd period - Icing by Niklas Hjalmarsson.
4:41 of 3rd period - Brian Flynn wins face-off versus Brett Connolly in Oilers zone.
5:00 of 3rd period - Trevor Lewis is hit by Marco Scandella and loses puck.
5:13 of 3rd period - Wrist shot by Jamie McGinn.
5:13 of 3rd period - Stopped by Brian Elliott without a rebound.
5:14 of 3rd period - Adam Henrique wins face-off versus Lars Eller in Hurricanes zone.
5:23 of 3rd period - Andrew Ladd is hit by Stephane Robidas and loses puck.
6:30 of 3rd period - Nicklas Backstrom is hit by Eric Staal and loses puck.
6:53 of 3rd period - Stephane Robidas is hit by Jannik Hansen.
7:54 of 3rd period - Snap shot by Stephen Gionta.
7:54 of 3rd period - Shot Blocked by Andrew MacDonald.
8:18 of 3rd period - Mike Weaver is hit by Andrew Ladd and loses puck.
8:20 of 3rd period - Minor Penalty to Andrew Ladd for Boarding.
8:21 of 3rd period - Nick Bonino wins face-off versus Eric Staal in Oilers zone.
8:39 of 3rd period - Snap shot by Jiri Hudler.
8:39 of 3rd period - Stopped by Jaroslav Halak with a rebound.
10:01 of 3rd period - Niklas Hjalmarsson is hit by Viktor Stalberg and loses puck.
10:08 of 3rd period - Dennis Wideman is hit by Darren Helm and loses puck.
10:20 of 3rd period - Penalty to Andrew Ladd is over, Andrew Ladd is back on ice.
10:29 of 3rd period - Trevor Lewis is hit by Stephane Robidas and loses puck.
11:52 of 3rd period - Snap shot by David Desharnais.
11:52 of 3rd period - Shot Misses the Net.
11:54 of 3rd period - Wrist shot by Jannik Hansen.
11:54 of 3rd period - Stopped by Brian Elliott without a rebound.
11:55 of 3rd period - David Desharnais wins face-off versus Adam Henrique in Hurricanes zone.
11:58 of 3rd period - Snap shot by Darren Helm.
11:58 of 3rd period - Stopped by Brian Elliott without a rebound.
11:59 of 3rd period - Marian Gaborik wins face-off versus David Desharnais in Hurricanes zone.
13:45 of 3rd period - Slapshot by Brayden Schenn.
13:45 of 3rd period - Goal by Brayden Schenn - Oilers : 5 - Hurricanes : 3.
13:46 of 3rd period - Patrick Marleau wins face-off versus Eric Staal in neutral zone.
14:17 of 3rd period - Snap shot by Nicklas Backstrom.
14:17 of 3rd period - Stopped by Brian Elliott with a rebound.
14:30 of 3rd period - Jiri Hudler is hit by Jason Demers and loses puck.
14:53 of 3rd period - Minor Penalty to Jason Demers for Tripping.
14:54 of 3rd period - Adam Henrique wins face-off versus Patrick Marleau in Oilers zone.
15:02 of 3rd period - Wrist shot by Adam Henrique.
15:02 of 3rd period - Shot Hit the Post.
15:04 of 3rd period - Wrist shot by Adam Henrique.
15:04 of 3rd period - Goal by Adam Henrique - Oilers : 5 - Hurricanes : 4.
15:05 of 3rd period - Adam Henrique wins face-off versus David Desharnais in neutral zone.
15:14 of 3rd period - Slapshot by Adam Henrique.
15:14 of 3rd period - Stopped by Jaroslav Halak without a rebound.
15:15 of 3rd period - Adam Henrique wins face-off versus David Desharnais in Oilers zone.
15:34 of 3rd period - Slapshot by David Desharnais.
15:34 of 3rd period - Stopped by Brian Elliott without a rebound.
15:35 of 3rd period - Eric Staal wins face-off versus Nicklas Backstrom in Hurricanes zone.
15:35 of 3rd period - Eric Staal is hit by Nicklas Backstrom.
15:41 of 3rd period - Wrist shot by Jiri Hudler.
15:41 of 3rd period - Stopped by Jaroslav Halak with a rebound.
16:42 of 3rd period - Andrew MacDonald is hit by Josh Bailey and loses puck.
16:53 of 3rd period - Wrist shot by Adam Henrique.
16:53 of 3rd period - Shot Misses the Net.
16:59 of 3rd period - Dennis Wideman is hit by Andrew Ladd and loses puck.
18:01 of 3rd period - Snap shot by Stephen Gionta.
18:01 of 3rd period - Stopped by Jaroslav Halak without a rebound.
18:02 of 3rd period - Mark Arcobello wins face-off versus Brett Connolly in Oilers zone.
18:07 of 3rd period - Slapshot by Stephen Gionta.
18:07 of 3rd period - Shot Misses the Net.
18:16 of 3rd period - Snap shot by Mark Arcobello.
18:16 of 3rd period - Shot Misses the Net.
18:58 of 3rd period - Snap shot by Nicklas Backstrom.
18:58 of 3rd period - Shot Misses the Net.
19:00 of 3rd period - Snap shot by Niklas Hjalmarsson.
19:00 of 3rd period - Stopped by Brian Elliott with a rebound.
19:02 of 3rd period - Slapshot by Ryan McDonagh.
19:02 of 3rd period - Shot Misses the Net.
19:52 of 3rd period - Snap shot by Andrew Ladd.
19:52 of 3rd period - Stopped by Brian Elliott with a rebound.
19:54 of 3rd period - Snap shot by Niklas Hjalmarsson.
19:54 of 3rd period - Shot Blocked by Dennis Wideman.
19:56 of 3rd period - Wrist shot by Ryan McDonagh.
19:56 of 3rd period - Shot Blocked by Dennis Wideman.
19:58 of 3rd period - Backhand shot by Darren Helm.
19:58 of 3rd period - Shot Misses the Net.
Goals for this period are 2 for Oilers vs 1 for Hurricanes.
Shots for this period are 12 for Oilers vs 5 for Hurricanes.